 Dungeon Crawl Stone Soup version 0.18-a0-1577-gf591c28 (webtiles) character file.

10131 Ijustatesigmund the Changer (level 11, -12/92 HPs)
             Began as an Octopode Transmuter on Mar 17, 2016.
             Was a High Priest of Cheibriados.
             Mangled by an orc warlord
             ... wielding a +0 glaive
              (25 damage)
             ... on level 1 of the Orcish Mines on Mar 18, 2016.
             The game lasted 00:45:27 (11222 turns).

Ijustatesigmund the Changer (Octopode Transmuter)  Turns: 11222, Time: 00:45:27

Health: -12/92     AC: 11    Str: 23 (25) XL:     11   Next: 57%
Magic:  3/19       EV: 20    Int: 27 (28) God:    Cheibriados [*****.]
Gold:   756        SH:  0    Dex: 30 (32) Spells: 7 memorised, 3 levels left

rFire  . . .     SeeInvis .       - Unarmed
rCold  + + +     Gourm    .     (shield currently unavailable)
rNeg   + . .     Faith    .     (helmet currently unavailable)
rPois  +         Spirit   .     (no amulet)
rElec  .         Dismiss  .     l - ring of protection from fire
rCorr  +         Reflect  .     p - +4 ring of protection
SustAt .         Harm     .     y - ring of positive energy
MR     .....                    q - ring of resist corrosion
Stlth  +++++.....               (no ring)
                                (no ring)
                                (no ring)
                                (no ring)

@: agile, ice-form (expiring), very slow, not resistant to hostile enchantments,
quite stealthy
A: almost no armour, amphibious, 8 rings, (constrict 8), (camouflage 0),
(gelatinous body 0)
a: End Transformation, Bend Time, Temporal Distortion, Slouch, Step From Time,
Renounce Religion


You were on level 1 of the Orcish Mines.
You worshipped Cheibriados.
Cheibriados was extremely pleased with you.
You were not hungry.
You were a creature of crystalline ice.
You visited 3 branches of the dungeon, and saw 12 of its levels.

You collected 756 gold pieces.

Inventory:

Missiles
 a - 132 arrows
 d - 5 silver tomahawks (quivered)
Jewellery
 l - a ring of protection from fire (left front paw)
 p - a +4 ring of protection (right front paw)
 q - a ring of resist corrosion (on tentacle)
 y - a ring of positive energy (on tentacle)
Wands
 e - a wand of digging (13/24)
 m - a wand of digging (6/24)
 n - a wand of flame (45/48)
 B - a wand of teleportation (7/9)
 E - a wand of flame (22/48)
 I - a wand of disintegration (7/24)
Scrolls
 r - 3 scrolls of enchant armour
 s - 5 scrolls of remove curse
 v - 2 scrolls of recharging
 A - 2 scrolls of amnesia
 D - a scroll of enchant weapon
 J - a scroll of fog
Potions
 g - 2 potions of curing
 i - 3 potions of brilliance
 t - 2 potions of degeneration
 u - a potion of might
 x - 3 potions of lignification
 z - 4 potions of resistance
 C - a potion of ambrosia
Books
 b - a book of Changes

   Spells                             Type                      Level
   a - Beastly Appendage              Transmutation                1
   b - Sticks to Snakes               Transmutation                2
   c - Spider Form                    Transmutation/Poison         3
   d - Ice Form                       Ice/Transmutation            4
   e - Blade Hands                    Transmutation                5
 k - a book of Party Tricks

   Spells                             Type                      Level
   a - Summon Butterflies             Summoning                    1
   b - Apportation                    Translocation                1
   c - Tukima's Dance                 Hexes                        3
   d - Alistair's Intoxication        Transmutation/Poison         5
   e - Invisibility                   Hexes                        6
 G - a book of the Warp

   Spells                             Type                      Level
   a - Recall                         Summoning/Translocation      3
   b - Gell's Gravitas                Hexes/Translocation          3
   c - Force Lance                    Conjuration/Translocation    4
   d - Warp Weapon                    Charms/Translocation         5
   e - Summon Forest                  Summoning/Translocation      5
 H - a book of Alchemy

   Spells                             Type                      Level
   a - Sublimation of Blood           Necromancy                   2
   b - Ignite Poison                  Fire/Transmutation/Poison    3
   c - Petrify                        Transmutation/Earth          4
   d - Alistair's Intoxication        Transmutation/Poison         5
   e - Irradiate                      Conjuration/Transmutation    5
Comestibles
 c - 7 bread rations
 h - 6 meat rations
 j - 7 fruits
 F - 6 slices of pizza


   Skills:
 + Level 7.8 Fighting
 - Level 5.3 Dodging
 - Level 6.7 Stealth
 + Level 7.7 Unarmed Combat
 - Level 5.4 Spellcasting
 - Level 3.1 Summonings
 + Level 7.8 Transmutations
 - Level 3.1 Ice Magic
 - Level 2.0 Poison Magic
 + Level 7.6 Invocations


You had 3 spell levels left.
You knew the following spells:

 Your Spells              Type           Power        Failure   Level  Hunger
a - Beastly Appendage     Trmt           #####.       1%          1    None
b - Sticks to Snakes      Trmt           #####...     1%          2    None
c - Spider Form           Trmt/Pois      ####......   2%          3    #......
d - Ice Form              Ice/Trmt       #####...     10%         4    ###....
e - Summon Butterflies    Summ           ###.....     1%          1    None
f - Blade Hands           Trmt           #####.....   10%         5    #####..
g - Apportation           Tloc           #.........   10%         1    None


Dungeon Overview and Level Annotations

Branches:
Dungeon (10/15)            Temple (1/1) D:4            Lair (0/8) D:8
    Orc (1/2) D:10

Altars:
Ashenzari
Cheibriados
Dithmenos
Elyvilon
Fedhas
Gozag
Kikubaaqudgha
Makhleb
Nemelex Xobeh
Okawaru
Pakellas
Qazlal
Ru
Sif Muna
Trog
Vehumet
Xom
Yredelemnul
Zin
The Shining One

Shops:
D:6 =

Annotations:
D:10 exclusion: oklob plant


Innate Abilities, Weirdness & Mutations

You cannot wear most types of armour.
You are amphibious.
You can wear up to eight rings at the same time.
((You can use your tentacles to constrict eight enemies at once.))
((Your skin changes colour to match your surroundings (Stealth).))
((Your rubbery body absorbs attacks (AC +1).))


Message History

Confirm with . or Enter, or press ? or * to list all spells.
You create 3 snakes!
You now have 132 arrows.
The orc warlord barely misses you.
You swap places.
The orc warlord hits your adder with a glaive!!
Your adder dies!
The orc warrior hits your butterfly with a short sword!!
Your butterfly dies!
Your adder bites the orc warrior but does no damage.
Your butterfly disappears in a puff of smoke!
Your adder bites the orc warlord but does no damage.
Your adder closely misses the orc warrior.
The orc warrior hits your adder with a short sword!
Your adder barely misses the orc warlord.
Your adder bites the orc warrior but does no damage.
The orc warrior completely misses your adder.
Your adder bites the orc warrior.
Your adder bites the orc warrior but does no damage.
The orc warlord hits you from afar with a glaive!!
You die...

#.....#.## ##...#
#........####....## ###
##......###.##....## ..
##....#(#.....#...# ..
.######....()#.......## ..
...#.##.#.#<#).......#####.
.............#)........#...
#...........#..[.[.........
##........Y.)..>)).....#.#. .
##....#.....S..........####.
##.#....#......ooS.........#...
.....#......##b...........)...
.........)ยง...........#......
#.##.##..........).............
......#...b...b..##...#..)))..#
#.)......#........#.o.)###
......#.#.##.......S..#....##


You could see an orc warlord, an orc warrior (frenzied) and 2 friendly adders.

Vanquished Creatures
  A hydra (D:8)
  A hill giant (D:10)
  A troll (D:10)
  2 two-headed ogres
  7 yaks
  A wyvern (D:8)
  A hungry ghost (D:9)
  Menkaure (D:5)
  A hippogriff (D:9)
  An ice beast (D:10)
  6 orc warriors
  A sky beast (D:8)
  2 phantoms
  14 ogres
  6 centaurs
  4 big kobolds
  Blork the orc (D:4)
  9 giant frogs
  2 scorpions
  2 water moccasin skeletons
  5 wights (D:7)
  5 howler monkeys
  2 crimson imps (D:8)
  3 giant frog zombies
  2 giant frog skeletons
  4 orc priests
  5 hounds
  6 jellies
  7 orc wizards
  2 centaur skeletons
  7 iguanas
  12 worker ants
  13 adders
  3 shadow imps
  An adder skeleton (D:5)
  2 worms
  A dart slug (D:2)
  2 giant geckos
  37 orcs
  7 bats
  8 giant cockroaches
  9 goblins
  7 hobgoblins
  7 jackals
  2 quokkas
  A ball python (D:4)
  4 giant newts
  14 kobolds
  A quokka skeleton (D:8)
  A quokka zombie (D:6)
  9 rats
  A spectral orc (D:5)
254 creatures vanquished.

Vanquished Creatures (collateral kills)
  2 hill giants (D:10)
  6 yaks
  A hippogriff (D:10)
  A black bear (D:10)
  An orc warrior (Orc:1)
  An ogre (D:9)
  A big kobold (D:8)
  A jelly (D:6)
  A giant frog zombie (D:10)
  A worker ant (D:10)
  2 sheep (D:8)
  2 giant geckos
  2 orcs (D:10)
22 creatures vanquished.

Grand Total: 276 creatures vanquished

Notes
Turn   | Place    | Note
--------------------------------------------------------------
     0 | D:1      | Ijustatesigmund the Octopode Transmuter began the quest for the Orb.
     0 | D:1      | Reached XP level 1. HP: 13/13 MP: 3/3
    84 | D:1      | Reached XP level 2. HP: 14/19 MP: 5/5
    88 | D:1      | Learned a level 2 spell: Sticks to Snakes
   833 | D:2      | Reached XP level 3. HP: 25/25 MP: 6/6
   989 | D:2      | Found a shimmering altar of Xom.
   989 | D:2      | Found a shimmering altar of Xom.
   990 | D:2      | Found a shimmering altar of Xom.
  1013 | D:2      | Found a blossoming altar of Fedhas.
  1087 | D:2      | Learned a level 3 spell: Spider Form
  1615 | D:3      | Reached skill level 1 in Poison Magic
  1615 | D:3      | Reached XP level 4. HP: 31/31 MP: 5/7
  2022 | D:3      | Reached XP level 5. HP: 36/36 MP: 6/8
  2405 | D:4      | Noticed an ogre
  2410 | D:4      | Killed an ogre
  2435 | D:4      | Reached XP level 6. HP: 43/43 MP: 5/9
  2579 | D:4      | Noticed Blork the orc
  2620 | D:4      | Killed Blork the orc
  2895 | D:4      | Found an oddly glowing altar of Pakellas.
  2955 | D:4      | Found a staircase to the Ecumenical Temple.
  2981 | Temple   | Entered the Ecumenical Temple
  2985 | Temple   | Became a worshipper of Cheibriados the Contemplative
  3065 | D:4      | Reached skill level 1 in Stealth
  3245 | D:5      | Entered Level 5 of the Dungeon
  3315 | D:5      | Reached XP level 7. HP: 44/49 MP: 6/10
  3377 | D:5      | Found a basalt altar of Yredelemnul.
  3406 | D:5      | Noticed Menkaure
  3416 | D:5      | Killed Menkaure
  3670 | D:5      | Reached skill level 5 in Fighting
  3670 | D:5      | Reached skill level 5 in Unarmed Combat
  3688 | D:5      | Reached skill level 1 in Invocations
  3937 | D:5      | Found an iron altar of Okawaru.
  3990 | D:5      | Reached * piety under Cheibriados
  4264 | D:5      | Reached XP level 8. HP: 53/55 MP: 11/11
  4270 | D:5      | Learned a level 4 spell: Ice Form
  4481 | D:5      | You fall through a shaft for 2 floors!
  4517 | D:7      | Reached skill level 1 in Ice Magic
  5008 | D:6      | Found Ebipp's Jewellery Shop.
  5267 | D:6      | Found a deep blue altar of Sif Muna.
  5278 | D:6      | Reached ** piety under Cheibriados
  5800 | D:5      | Reached skill level 5 in Transmutations
  6275 | D:7      | Reached XP level 9. HP: 61/61 MP: 12/14
  6325 | D:7      | Found a shattered altar of Ashenzari.
  6346 | D:7      | Learned a level 1 spell: Summon Butterflies
  6711 | D:7      | Reached skill level 1 in Summonings
  6716 | D:7      | Reached skill level 5 in Stealth
  6986 | D:7      | Reached *** piety under Cheibriados
  7419 | D:8      | Reached skill level 5 in Dodging
  7581 | D:8      | Noticed a two-headed ogre
  7599 | D:8      | Killed a two-headed ogre
  7622 | D:8      | Reached skill level 5 in Spellcasting
  7694 | D:8      | Reached XP level 10. HP: 66/66 MP: 16/18
  7701 | D:8      | Learned a level 5 spell: Blade Hands
  7707 | D:8      | Found a staircase to the Lair.
  7727 | D:8      | Found an opulent altar of Gozag.
  7756 | D:8      | Reached **** piety under Cheibriados
  8150 | D:8      | Noticed a two-headed hydra
  8157 | D:8      | Killed a two-headed hydra
  8157 | D:8      | Reached skill level 5 in Invocations
  8533 | D:9      | Reached ***** piety under Cheibriados
  8842 | D:9      | Gained mutation: You are frail (-10% HP). [potion of mutation]
  8842 | D:9      | Gained mutation: Scrolls take you a little longer to read. [potion of mutation]
  8842 | D:9      | Gained mutation: You are resistant to hostile enchantments. [potion of mutation]
  8843 | D:9      | Lost mutation: You are frail (-10% HP). [potion of cure mutation]
  8843 | D:9      | Lost mutation: You are resistant to hostile enchantments. [potion of cure mutation]
  8844 | D:9      | Lost mutation: Scrolls take you a little longer to read. [potion of cure mutation]
  8961 | D:9      | Learned a level 1 spell: Apportation
  9543 | D:9      | Found a sacrificial altar of Ru.
  9599 | D:9      | Found a sparkling altar of Nemelex Xobeh.
  9611 | D:9      | Reached XP level 11. HP: 74/74 MP: 17/19
  9917 | D:10     | Entered Level 10 of the Dungeon
  9924 | D:10     | Noticed a hill giant
  9935 | D:10     | Killed a hill giant
 10003 | D:10     | Found a staircase to the Orcish Mines.
 10012 | Orc:1    | Entered Level 1 of the Orcish Mines
 10381 | D:10     | Noticed a hill giant
 10390 | D:10     | Killed a hill giant
 10407 | D:10     | Noticed a hill giant
 10424 | D:10     | Killed a hill giant
 10759 | D:10     | Found a sparkling altar of Nemelex Xobeh.
 10760 | D:10     | Noticed an oklob plant
 11186 | Orc:1    | Reached ****** piety under Cheibriados
 11190 | Orc:1    | Noticed an orc warlord
 11213 | Orc:1    | HP: 4/91 [orc warrior/flail[an orc warlord] (26)]
 11222 | Orc:1    | Mangled by an orc warlord

Vault maps used:
D:1:      minmay_arrival_stone_box
D:2:      fedhas_altar_2, first_bread, xom_redecorated
D:4:      nicolae_overflow_crystal_walls, minmay_temple_entry_statues_fountains,
          minmay_tree_intersection, uniq_blork_the_orc
D:5:      yredelemnul_forgotten_temple_becter, moated_statue,
          okawaru_ov_weapons_minmay, uniq_menkaure
D:6:      lemuel_crystal_altar, serial_shops, nicolae_shop_stone
D:7:      old_standard_altar
D:8:      grunt_gozag_statues, lair_0_dummy, st_stairs_2, hangedman_ranch,
          minmay_misc_feat_encased
D:9:      nemelex_xobeh_ov_fountains_minmay, nicolae_ru_the_path_less_chosen
D:10:     orc_0_dummy, lemuel_oklob_altar
Temple:   minmay_freezing_vapour_temple_12
Orc:1:    serial_shops, shop

Skill      XL: |  1  2  3  4  5  6  7  8  9 10 11 |
---------------+----------------------------------+-----
Fighting       | 2 3 4 5 6 7 |  7.8
Poison Magic   | 1 2 |  2.0
Unarmed Combat | 4 5 6 7 |  7.7
Transmutations | 3 5 6 7 |  7.8
Stealth        | 2 3 6 |  6.7
Invocations    | 2 4 6 7 |  7.6
Ice Magic      | 3 |  3.1
Spellcasting   | 3 5 |  5.4
Dodging        | 3 5 |  5.3
Summonings     | 3 |  3.1

Action                   |  1- 3 |  4- 6 |  7- 9 | 10-12 || total
-------------------------+-------+-------+-------+-------++-------
Melee: Unarmed           |    77 |    99 |   306 |   240 ||   722
 Cast: Beastly Appendage |     3 |     3 |     6 |     5 ||    17
       Spider Form       |       |     4 |    19 |     5 ||    28
       Sticks to Snakes  |       |     3 |    12 |    33 ||    48
       Ice Form          |       |       |     2 |     7 ||     9
       Blade Hands       |       |       |       |     2 ||     2
       Summon Butterflie |       |       |       |     1 ||     1
Invok: Slouch            |       |       |       |     2 ||     2
       Temporal Distorti |       |       |       |     1 ||     1
  Use: Scroll            |     9 |     6 |    11 |     9 ||    35
       Potion            |       |       |     2 |    12 ||    14
 Stab: Sleeping          |     9 |     5 |    13 |     6 ||    33
       Distracted        |       |       |     1 |     4 ||     5
       Invisible         |       |       |       |     4 ||     4
  Eat: Chunk             |     2 |     7 |     5 |     4 ||    18
       Fruit             |       |       |     6 |     8 ||    14
